 Dungeon Crawl Stone Soup version 0.29.0-4-gdea44cf6ec (webtiles) character file.

Game seed: 6884231787535530695

42 qw the Ruffian (level 3, -2/28 HPs)
             Began as a Ghoul Fire Elementalist on Aug 29, 2022.
             Slain by Terence
             ... wielding a +0 flail
              (7 damage)
             ... on level 2 of the Dungeon.
             The game lasted 00:01:22 (1683 turns).

qw the Ruffian (Ghoul Fire Elementalist)            Turns: 1683, Time: 00:01:22

Health: -2/28      AC:  5    Str: 13    XL:     3   Next: 56%
Magic:  4/4        EV: 10    Int: 10    God:
Gold:   112        SH:  0    Dex:  9    Spells: 4/5 levels left

rFire   . . .      SeeInvis .     - Unarmed
rCold   + . .      Faith    .   (no shield)
rNeg    + + +      Spirit   .   l - +0 ring mail
rPois   inf        Reflect  .   (no helmet)
rElec   .          Harm     .   (no cloak)
rCorr   .          Rampage  .   (no gloves)
Will    .....                   (no boots)
Stlth   +.........              (no amulet)
HPRegen 0.00/turn               (no ring)
MPRegen 0.09/turn               (no ring)

@: inhibited regen
A: claws 1, cold resistance 1, negative energy resistance 3, inhibited
regeneration, torment resistance 2, devour on kill
a: no special abilities


You were on level 2 of the Dungeon.
You visited 1 branch of the dungeon, and saw 2 of its levels.

You collected 112 gold pieces.


Innate Abilities, Weirdness & Mutations

You are immune to poison.
You have sharp fingernails.
Your flesh is cold resistant. (rC+)
You are immune to negative energy. (rN+++)
You do not regenerate when monsters are visible.
You are immune to unholy pain and torment.
You thrive by killing the living.


   Skills:
 - Level 1.0 Fighting
 - Level 1.7 Dodging
 - Level 2.1 Stealth
 + Level 3.1 Unarmed Combat
 - Level 1.7 Spellcasting
 - Level 0.7 Conjurations
 - Level 2.4 Fire Magic


You had 4 spell levels left.
You knew the following spells:

 Your Spells              Type           Power      Damage    Failure   Level
a - Foxfire               Conj/Fire      16%        2x1d4     36%         1

Your spell library contained the following spells:

 Spells                   Type           Power      Damage    Failure   Level
 Scorch                   Fire           10%        2d6       36%         2
 Conjure Flame            Conj/Fire      4%         6-21      73%         3
 Inner Flame              Hex/Fire       3%         N/A       78%         3
 Flame Wave               Conj/Fire      4%         2d5       98%         4

Inventory:

Armour
 a - a +0 scale mail
 c - a +0 chain mail
 l - a +0 ring mail (worn)
Scrolls
 b - a scroll of identify
Potions
 d - a potion of curing {unknown}
 f - a potion of berserk rage {unknown}
 k - a potion of degeneration {unknown}

Dungeon Overview and Level Annotations

Branches:
Dungeon (2/15)

Altars:

Annotations:
D:2 Terence


Message History

You scratch Terence.
Terence is severely wounded.
Terence closely misses you.
You scratch Terence but do no damage.
Terence is severely wounded.
Terence closely misses you.
You scratch Terence.
Terence is almost dead.
Terence closely misses you.
You barely miss Terence.
Terence is almost dead.
Terence hits you but does no damage.
You scratch Terence but do no damage.
Terence is almost dead.
Terence hits you with a +0 flail.
You scratch Terence but do no damage.
Terence is almost dead.
Terence closely misses you.
You scratch Terence but do no damage.
Terence is almost dead.
Terence closely misses you.
You scratch Terence.
Terence is almost dead.
Terence barely misses you.
You scratch Terence but do no damage.
Terence is almost dead.
Terence barely misses you.
You scratch Terence.
Terence is almost dead.
Terence hits you but does no damage.
You barely miss Terence.
Terence is almost dead.
Terence hits you but does no damage.
You scratch Terence.
Terence is almost dead.
Terence barely misses you.
You scratch Terence but do no damage.
Terence is almost dead.
Terence hits you with a +0 flail!
You die...

#.# . #...... ... ##
#...... #.# # #......
#.# #...... #.# ########
#...... #.####.......
.(..... #............
......@#####.##.#.######
.......@........#.#
....#########.#.#.# #
#.......# ####
#.#.#######...
#.#.......'... #
#########... #... ####


You could see Terence.

Vanquished Creatures
  An adder (D:2)
  A dart slug (D:1)
  2 bats
  5 endoplasms (D:1)
  2 giant cockroaches (D:1)
  4 goblins
  3 hobgoblins
  3 quokkas (D:1)
  2 frilled lizards (D:1)
  A kobold (D:1)
  4 rats
28 creatures vanquished.

Notes
Turn   | Place    | Note
-------+----------+-------------------------------------------
     0 | D:1      | qw the Ghoul Fire Elementalist began the quest for the Orb.
     0 | D:1      | Reached XP level 1. HP: 14/14 MP: 2/2
     0 | D:1      | 0 ||| qw: Version: 0.1-a-90-g952f4b7
     0 | D:1      | 0 ||| qw: Game counter: 3929
     0 | D:1      | 0 ||| qw: Always use a shield: true
     0 | D:1      | 0 ||| qw: God list: Okawaru
     0 | D:1      | 0 ||| qw: Allow faded altars: false
     0 | D:1      | 0 ||| qw: Do Orc after D:15 true
     0 | D:1      | 0 ||| qw: Do second Lair branch before Depths: true
     0 | D:1      | 0 ||| qw: Lair rune preference: random
     0 | D:1      | 0 ||| qw: Plans: Normal
     0 | D:1      | 0 ||| PLANNING D:1-11
   105 | D:1      | 105 ||| Stepping ~*~*~tactically~*~*~ (hiding).
   111 | D:1      | HP: 3/14 [dart slug (3)]
   115 | D:1      | Reached skill level 1 in Unarmed Combat
   509 | D:1      | Reached skill level 1 in Fighting
   509 | D:1      | Reached XP level 2. HP: 23/23 MP: 3/3
   932 | D:1      | Reached skill level 2 in Unarmed Combat
  1190 | D:1      | Reached XP level 3. HP: 28/28 MP: 4/4
  1402 | D:1      | 1402 ||| UPGRADING to +0 ring mail.
  1412 | D:1      | 1412 ||| DROPPING +0 robe.
  1413 | D:1      | 1413 ||| READING scroll labelled GAS ROENOURO.
  1414 | D:1      | 1414 ||| READING 2 scrolls labelled CYFRAA QIDWO.
  1415 | D:1      | 1415 ||| READING scroll labelled QOZEWE VAEPPO.
  1416 | D:1      | 1416 ||| READING scroll labelled OSONULUICW.
  1417 | D:1      | 1417 ||| READING scroll labelled FAIMUV OSERAJE.
  1418 | D:1      | 1418 ||| READING scroll labelled XUANIBUNIM.
  1419 | D:1      | 1419 ||| DROPPING potion of magic.
  1420 | D:1      | 1420 ||| DROPPING scroll of fog.
  1515 | D:2      | Reached skill level 3 in Unarmed Combat
  1538 | D:2      | Found a faded altar of an unknown god.
  1655 | D:2      | Noticed Terence
  1669 | D:2      | HP: 7/28 [Terence/+0 flail (9)]
  1675 | D:2      | HP: 5/28 [Terence/+0 flail (2)]
  1683 | D:2      | Slain by Terence

Levels and vault maps discovered:
D:1:      saegor_arrival_simple_d, layout_loops_corners
D:2:      layout_basic, shapermc_ecumenical_altar_venn, uniq_terence

Skill      XL: |  1  2  3 |
---------------+----------+-----
Unarmed Combat | 1 2 3 |  3.1
Fighting       | 1 |  1.0
Dodging        | |  1.7
Stealth        | |  2.1
Spellcasting   | |  1.7
Conjurations   | |  0.7
Fire Magic     | |  2.4

Action                   || total
-------------------------++-------
Melee: Unarmed           ||   111
       Punch             ||     3
  Use: Scroll            ||     6
 Stab: Sleeping          ||     1
Armor: Robe              ||     7
       Ring mail         ||     9
Dodge: Dodged            ||    49

Table legend:
 A = Non-vault XP
 B = Vault XP
 C = Vault XP percentage of total XP
 D = Non-vault monster count
 E = Vault monster count
 F = Vault count percentage of total count
                 A         B        C        D         E       F
            +---------+---------+-------+---------+---------+-------
      Total |      61 |       0 |   0.0 |      28 |       0 |   0.0
            +---------+---------+-------+---------+---------+-------
        D:1 |      42 |       0 |   0.0 |      23 |       0 |   0.0
        D:2 |      19 |       0 |   0.0 |       5 |       0 |   0.0
            +---------+---------+-------+---------+---------+-------
